 Dungeon Crawl Stone Soup version 0.17.1-1-g73c8601 (webtiles) character file.

1685 zercules the Firebug (level 9, -4/47 HPs)
             Began as a Kobold Fire Elementalist on Dec 19, 2015.
             Slain by chendo's ghost (14 damage)
             ... on level 7 of the Dungeon on Dec 20, 2015.
             The game lasted 00:39:39 (7138 turns).

zercules the Firebug (Kobold Fire Elementalist)     Turns: 7138, Time: 00:39:39

Health: -4/47      AC:  8    Str:  6    XL:     9   Next: 22%
Magic:  10/16      EV: 19    Int: 16    God:
Gold:   409        SH:  0    Dex: 17    Spells: 4 memorised, 6 levels left

rFire  . . .     SeeInvis .     i - +7 short sword
rCold  . . .     Clarity  .     a - +0 robe
rNeg   . . .     SustAt   .     (shield restricted)
rPois  .         Gourm    .     (no helmet)
rElec  .         Spirit   .     w - +1 cloak
rCorr  .         Warding  .     d - +2 pair of gloves
rMut   .         Stasis   .     o - +0 pair of boots
MR     .....                    (no amulet)
Stlth  +++.......               (no ring)
                                m - +5 ring of slaying

@: not resistant to hostile enchantments, fairly stealthy
A: carnivore 3
a: no special abilities


You were on level 7 of the Dungeon.
You were very full.

You visited 1 branch of the dungeon, and saw 7 of its levels.

You collected 409 gold pieces.

Inventory:

Hand Weapons
 h - a +0 dagger
 i - a +7 short sword (weapon)
 j - a +0 trident of venom
Missiles
 e - 10 tomahawks (quivered)
 g - 32 sling bullets
Armour
 a - a +0 robe (worn)
 d - a +2 pair of gloves (worn)
 o - a +0 pair of boots (worn)
 w - a +1 cloak (worn)
Jewellery
 m - a +5 ring of slaying (left hand)
Scrolls
 q - 5 scrolls of remove curse
 s - a scroll of random uselessness {unknown}
 y - 2 scrolls of teleportation
 B - 4 scrolls of amnesia
 E - a scroll of magic mapping
 G - a scroll of noise {unknown}
 H - a scroll of immolation {unknown}
Potions
 f - 6 potions of curing
 k - 3 potions of heal wounds
 l - 2 potions of might {unknown}
 n - 2 potions of lignification
 p - a potion of resistance
 r - a potion of poison {unknown}
 t - 2 potions of ambrosia {unknown}
 x - a potion of brilliance
 z - a potion of cure mutation {unknown}
 A - a potion of flight
 D - a potion of cancellation
 F - a potion of berserk rage
Books
 b - a book of Flames

   Spells                             Type                      Level
   a - Flame Tongue                   Conjuration/Fire             1
   b - Throw Flame                    Conjuration/Fire             2
   c - Conjure Flame                  Conjuration/Fire             3
   d - Inner Flame                    Hexes/Fire                   3
   e - Sticky Flame                   Conjuration/Fire             4
   f - Fireball                       Conjuration/Fire             5
Comestibles
 c - 2 meat rations
 u - a beef jerky


   Skills:
 - Level 1.2 Fighting
 + Level 3.8 Short Blades
 + Level 6.0 Dodging
 - Level 5.0 Stealth
 + Level 4.8 Spellcasting
 + Level 4.6 Conjurations
 + Level 6.2 Fire Magic


You had 6 spell levels left.
You knew the following spells:

 Your Spells              Type           Power        Failure   Level  Hunger
a - Flame Tongue          Conj/Fire      ###..        1%          1    None
b - Throw Flame           Conj/Fire      ###...       2%          2    ##.....
c - Conjure Flame         Conj/Fire      ###.....     6%          3    ###....
d - Fireball              Conj/Fire      ###.......   50%         5    ######.


Dungeon Overview and Level Annotations

Branches:
Dungeon (7/15)             Temple (0/1) D:7

Altars:
Elyvilon
Fedhas
Makhleb
The Shining One

Annotations:
D:2 Sigmund
D:6 apoch's ghost, novice TrMo
D:7 Joseph; chendo's ghost, novice HOFi


Innate Abilities, Weirdness & Mutations

You are small and have problems with some larger weapons.
You are carnivorous and can eat meat at any time.


Message History

Aim: chendo's ghost (lightly damaged)
The flame tongue hits chendo's ghost.
Chendo's ghost is lightly damaged.
Casting: Flame Tongue
Confirm with . or Enter, or press ? or * to list all spells.
Aiming: Flame Tongue
Press: ? - help, Shift-Dir - straight line, f/p - chendo's ghost
Aim: chendo's ghost (lightly damaged)
The flame tongue hits chendo's ghost.
Chendo's ghost appears unharmed.
Chendo's ghost is lightly damaged.
Chendo's ghost hits you!
You hit chendo's ghost but do no damage.
Chendo's ghost is lightly damaged.
Chendo's ghost hits you!!
* * * LOW HITPOINT WARNING * * *
Read which item? (? for menu, Esc to quit)
As you read the scroll labeled ISCHAI CUODWUF, it crumbles to dust.
You feel aware of your surroundings.
You sensed 3 altars.
It was a scroll of magic mapping.
Chendo's ghost hits you!
You die...

** ###.......##
##..## *
#........).###..##
*#...........#..##
***..$...........##
,,,.......(((.(.##
,,,..........(#(#
**,Z.....######.##
*,.S...#* #.W##
**.####* ##@.# ***
####


You could see chendo's ghost.

Vanquished Creatures
  Grinder (D:5)
  Edmund (D:6)
  A centaur (D:7)
  An ice beast (D:5)
  2 sky beasts
  An ogre (D:4)
  A gnoll sergeant (D:5)
  A giant frog (D:6)
  2 scorpions
  2 crimson imps
  A jelly (D:7)
  An orc priest (D:3)
  4 orc wizards
  2 giant frog skeletons
  4 worker ants
  An iguana (D:4)
  A hound skeleton (D:4)
  7 gnolls (D:6)
  Robin (D:4)
  7 adders
  A shadow imp (D:5)
  An ooze (D:4)
  An adder skeleton (D:6)
  A worm (D:3)
  7 giant geckos
  12 orcs
  5 giant cockroaches
  13 goblins
  10 hobgoblins
  7 jackals
  4 kobolds
  A quokka (D:3)
  5 ball pythons
  9 bats
  A giant gecko skeleton (D:7)
  2 quokka skeletons
  13 rats
135 creatures vanquished.

Notes
Turn   | Place    | Note
--------------------------------------------------------------
     0 | D:1      | zercules the Kobold Fire Elementalist began the quest for the Orb.
     0 | D:1      | Reached XP level 1. HP: 10/10 MP: 3/3
   444 | D:1      | Reached XP level 2. HP: 15/15 MP: 3/5
   729 | D:1      | Learned a level 2 spell: Throw Flame
   770 | D:1      | Reached skill level 1 in Conjurations
   770 | D:1      | Reached XP level 3. HP: 19/19 MP: 3/6
  1658 | D:2      | Noticed Sigmund
  1907 | D:2      | Reached XP level 4. HP: 24/24 MP: 0/7
  2016 | D:2      | Reached skill level 1 in Short Blades
  2499 | D:3      | Reached XP level 5. HP: 21/28 MP: 1/8
  2699 | D:3      | Found a glowing golden altar of the Shining One.
  2822 | D:3      | Reached skill level 1 in Fighting
  3429 | D:3      | Reached XP level 6. HP: 34/34 MP: 4/9
  3467 | D:3      | Learned a level 3 spell: Conjure Flame
  3537 | D:3      | Found a blossoming altar of Fedhas.
  3658 | D:4      | Reached skill level 4 in Fire Magic
  4209 | D:4      | Reached XP level 7. HP: 38/38 MP: 3/11
  4568 | D:4      | Noticed Robin
  4572 | D:4      | Killed Robin
  4598 | D:4      | Learned a level 5 spell: Fireball
  4695 | D:5      | Entered Level 5 of the Dungeon
  5001 | D:5      | Reached skill level 5 in Fire Magic
  5040 | D:5      | Noticed Grinder
  5046 | D:5      | Reached XP level 8. HP: 36/43 MP: 11/13
  5056 | D:5      | Killed Grinder
  5056 | D:5      | Reached skill level 5 in Stealth
  5084 | D:5      | Reached skill level 5 in Dodging
  5590 | D:6      | Noticed apoch's ghost (novice TrMo)
  6061 | D:6      | Reached XP level 9. HP: 42/47 MP: 10/15
  6121 | D:6      | Reached skill level 6 in Fire Magic
  6357 | D:7      | Noticed Joseph
  6528 | D:7      | Found a white marble altar of Elyvilon.
  6531 | D:7      | Found a staircase to the Ecumenical Temple.
  6609 | D:7      | Found a burning altar of Makhleb.
  6682 | D:6      | Noticed Edmund
  6706 | D:6      | Killed Edmund
  6950 | D:7      | Noticed chendo's ghost (novice HOFi)
  7138 | D:7      | Slain by chendo's ghost

Action                   |  1- 3 |  4- 6 |  7- 9 || total
-------------------------+-------+-------+-------++-------
Melee: Dagger            |    23 |       |       ||    23
       Unarmed           |     4 |       |       ||     4
       Short sword       |    45 |    46 |    77 ||   168
       Trident           |       |       |     8 ||     8
Throw: Tomahawk          |     4 |       |       ||     4
 Cast: Flame Tongue      |    46 |    44 |    56 ||   146
       Throw Flame       |     3 |    35 |    47 ||    85
       Conjure Flame     |       |     1 |     1 ||     2
  Use: Scroll            |       |    10 |    10 ||    20
       Potion            |       |       |     4 ||     4
 Stab: Sleeping          |     6 |       |     5 ||    11
  Eat: Chunk             |    12 |     9 |    12 ||    33
